Match 45233611
Unlisted

Match 45233611
End
Construct Section Command Post
Selects Australian Defense Battlegroup
Selects Australian Light Infantry Section
Australian Light Infantry Section
Dingo Light Scout Car
Infantry Section
Selects 2-pounder Anti-tank Gun Team
Infantry Section
Construct Field Infirmary
Construct Platoon Command Post
2-pounder Anti-tank Gun Team
Povke
Barbarossa
0
0

Comments sign in to comment!

No comments posted yet!